AoeStats
← Bickus Diggus

Arena

509885077Analyzed
4v4 RM · 3d ago on Sep 28, 2026· 50m 13s· 8 players
Game mode
Random Map
Map size
Large (8 player)
Population
200
Speed
Normal
Resources
Standard
Victory
Conquest
Starting age
Dark Age
Ending age
Imperial Age
RankedLock teamsTeams togetherTeam positionsShared explorationLock speedFull tech treeHidden civsTurbo modeCheats
Victory
Defeat
🇩🇰 Japanese · Denmark
990
+14
🇫🇷 Ethiopians · France
983
+23
🇮🇳 Slavs · India
963
+16
🇧🇷 Romans · Brazil
905
+18
🇪🇸 Mapuche · Spain
977
-17
🇧🇷 Franks · Brazil
972
-16
🇨🇳 Bohemians · China
940
-15
🇺🇸 Persians · United States
930
-15
Joaksss
14:34 Feudal Age
15:08 Loom
18:18 Castle Age
16:28 Horse Collar
16:35 Double-Bit Axe
16:49 Gold Mining
20:39 Pikeman
21:46 Forging
23:08 Scale Mail Armor
24:14 Wheelbarrow
23:27 Town Watch
24:22 Iron Casting
25:01 Bow Saw
26:03 Chain Mail Armor
26:01 Heavy Plow
28:05 Arson
28:47 Hand Cart
34:21 Champi Runner
35:07 Champi Warrior
37:57 Gold Shaft Mining
38:11 Fletching
38:31 Padded Archer Armor
38:52 Bodkin Arrow
38:55 Stone Mining
40:00 Leather Archer Armor
41:15 Ballistics
41:16 Elite Skirmisher
Anipazronkin
0:36 Loom
2:01 Loom
2:51 Loom
3:17 Loom
3:46 Loom
4:12 Loom
4:25 Loom
5:05 Loom
5:43 Loom
6:37 Loom
6:44 Loom
7:26 Loom
8:01 Loom
8:19 Loom
8:48 Loom
9:15 Loom
9:32 Loom
10:26 Loom
10:46 Loom
11:05 Loom
11:33 Loom
12:00 Loom
12:24 Loom
13:31 Loom
15:16 Feudal Age
17:15 Wheelbarrow
16:28 Town Watch
16:30 Double-Bit Axe
16:27 Horse Collar
21:31 Stone Mining
21:32 Gold Mining
26:24 Castle Age
27:20 Hand Cart
27:05 Town Patrol
28:57 Stone Shaft Mining
28:57 Gold Shaft Mining
32:14 Fletching
35:30 Heavy Plow
35:42 Bow Saw
35:57 Bodkin Arrow
38:07 Forging
38:02 Scale Barding Armor
38:54 Bloodlines
38:49 Husbandry
41:34 Chain Barding Armor
41:53 Iron Casting
45:48 Devotion
45:44 Herbal Medicine
45:59 Fervor
51:56 Imperial Age
2Cool2Care
10:30 Feudal Age
12:36 Wheelbarrow
13:22 Stone Mining
15:34 Castle Age
13:48 Double-Bit Axe
15:27 Loom
20:12 Gold Mining
20:53 Scale Mail Armor
21:04 Forging
21:40 Gold Shaft Mining
27:10 Chain Mail Armor
28:28 Iron Casting
29:38 Bow Saw
32:12 Squires
31:59 Arson
33:43 Hand Cart
38:08 Imperial Age
35:25 Town Watch
37:12 Scale Barding Armor
36:59 Fletching
38:15 Husbandry
40:19 Chain Barding Armor
40:04 Cavalier
40:06 Light Cavalry
42:34 Plate Barding Armor
42:59 Blast Furnace
41:56 Bodkin Arrow
43:20 Paladin
46:17 Plate Mail Armor
2579439892
11:56 Feudal Age
13:48 Double-Bit Axe
14:04 Horse Collar
18:55 Castle Age
28:02 Imperial Age
26:39 Chemistry
25:42 Heavy Plow
26:04 Man-at-Arms
26:53 Long Swordsman
30:09 Two-Handed Swordsman
33:06 Forging
32:57 Scale Mail Armor
33:36 Wheelbarrow
34:27 Iron Casting
38:01 Chain Mail Armor
38:48 Hand Cart
39:37 Blast Furnace
38:36 Champion
39:05 Heavy Scorpion
40:56 Plate Mail Armor
40:58 Ballistics
42:20 Bow Saw
46:13 Houfnice
50:14 Scale Barding Armor
50:00 Fletching
Akan
10:44 Feudal Age
9:00 Loom
11:37 Loom
14:51 Castle Age
14:26 Wheelbarrow
13:44 Double-Bit Axe
14:05 Fletching
14:23 Padded Archer Armor
14:08 Horse Collar
17:47 Bow Saw
18:35 Squires
21:26 Crossbowman
23:09 Arson
24:28 Forging
25:10 Thumb Ring
27:08 Iron Casting
26:36 Scale Mail Armor
28:33 Bodkin Arrow
28:54 Leather Archer Armor
29:49 Wheelbarrow
30:09 Gold Mining
31:07 Hand Cart
32:41 Chain Mail Armor
36:31 Imperial Age
36:47 Stone Mining
37:35 Gold Shaft Mining
37:05 Heavy Plow
36:36 Arbalester
36:38 Halberdier
38:00 Conscription
38:54 Bracer
39:24 Ring Archer Armor
40:45 Blast Furnace
43:26 Plate Mail Armor
44:56 Ballistics
45:37 Chemistry
44:49 Siege Engineers
44:10 Onager
49:57 Siege Onager
Vlad_Dracula
12:11 Feudal Age
16:24 Castle Age
17:49 Double-Bit Axe
20:45 Scale Mail Armor
21:51 Pikeman
22:31 Squires
22:17 Gambesons
22:33 Horse Collar
23:31 Arson
24:34 Town Watch
24:36 Loom
27:33 Wheelbarrow
26:59 Town Patrol
31:14 Imperial Age
29:05 Man-at-Arms
30:01 Chain Mail Armor
29:57 Forging
30:07 Long Swordsman
32:25 Iron Casting
33:06 Conscription
32:10 Two-Handed Swordsman
35:38 Champion
36:40 Elite Samurai
40:08 Halberdier
41:39 Bow Saw
42:01 Plate Mail Armor
42:32 Blast Furnace
43:04 Kataparuto
44:13 Fletching
Bickus Diggus
10:42 Feudal Age
10:59 Feudal Age
12:19 Double-Bit Axe
13:14 Horse Collar
15:36 Castle Age
13:45 Stone Mining
15:11 Loom
16:01 Wheelbarrow
16:10 Gold Mining
16:44 Bow Saw
17:52 Heavy Plow
21:09 Town Watch
22:08 Gold Shaft Mining
21:30 Fletching
23:11 Detinets
24:54 Hand Cart
26:27 Bodkin Arrow
31:09 Imperial Age
32:11 Conscription
31:17 Elite Boyar
32:15 Husbandry
32:26 Bloodlines
33:07 Scale Barding Armor
32:40 Light Cavalry
33:25 Squires
34:58 Chain Barding Armor
34:56 Redemption
35:01 Scale Mail Armor
35:18 Fortified Wall
34:49 Elite Skirmisher
35:40 Padded Archer Armor
37:28 Chemistry
40:25 Leather Archer Armor
40:22 Forging
42:27 Block Printing
45:15 Redemption
46:04 Pikeman
47:27 Sanctity
47:10 Halberdier
50:55 Illumination
Caduzera
7:07 Loom
9:34 Feudal Age
10:37 Double-Bit Axe
10:35 Horse Collar
10:33 Man-at-Arms
12:18 Gold Mining
13:17 Town Watch
14:09 Wheelbarrow
18:26 Castle Age
18:08 Stone Mining
19:13 Long Swordsman
23:20 Scale Mail Armor
23:31 Forging
31:21 Imperial Age
29:57 Chain Mail Armor
33:17 Iron Casting
38:51 Gold Shaft Mining
42:05 Ballistas
43:58 Legionary
46:32 Ballistics
47:13 Chemistry
47:12 Heavy Scorpion
Connection lost

Rejoining the realm…

Still unreachable

The connection could not be restored.

Session expired

The server has moved on; the page needs a fresh start.